 Dungeon Crawl Stone Soup version 0.24-a0-57-gac335f2 (webtiles) character file.

Game seed: 3499714266973720938

52 galech the Skirmisher (level 3, -7/29 HPs)
             Began as a Demonspawn Fighter on Feb 4, 2019.
             Killed from afar by a white imp (11 damage)
             ... with a puff of frost
             ... summoned by Natasha
             ... on level 2 of the Dungeon.
             The game lasted 00:01:07 (1231 turns).

galech the Skirmisher (Demonspawn Fighter)          Turns: 1231, Time: 00:01:08

Health: -7/29      AC:  6    Str: 16    XL:     3   Next: 60%
Magic:  3/3        EV:  7    Int:  9    God:
Gold:   71         SH:  9    Dex: 13    Spells: 2/2 levels left

rFire    . . .     SeeInvis .   a - +0 war axe
rCold    . . .     Gourm    .   c - +0 shield
rNeg     . . .     Faith    .   b - +0 scale mail
rPois    .         Spirit   .   (helmet restricted)
rElec    .         Reflect  .   (no cloak)
rCorr    .         Harm     .   (no gloves)
MR       .....                  (no boots)
Stlth    ..........             (no amulet)
HPRegen  0.09/turn              (no ring)
MPRegen  0.08/turn              (no ring)

@: no status effects
A: horns 2
a: no special abilities


You were on level 2 of the Dungeon.
You were not hungry.

You visited 1 branch of the dungeon, and saw 2 of its levels.

You collected 71 gold pieces.

Inventory:

Hand Weapons
 a - a +0 war axe (weapon)
Armour
 b - a +0 scale mail (worn)
 c - a +0 shield (worn)
Scrolls
 e - 2 scrolls of remove curse
 g - a scroll of teleportation {unknown}
 i - a scroll of fog {unknown}
 j - 2 scrolls of immolation {unknown}
 m - 2 scrolls of identify {unknown}
Potions
 d - a potion of might
 h - 2 potions of resistance {unknown}
 k - 2 potions of cancellation {unknown}
 o - a potion of agility {unknown}
Comestibles
 f - 2 rations


   Skills:
 + Level 3.4 Fighting
 + Level 2.4 Axes
 + Level 3.1 Armour
 + Level 0.3 Dodging
 + Level 0.2 Stealth
 + Level 3.0 Shields


You had 2 spell levels left.
You didn't know any spells.
Your spell library was empty.

Dungeon Overview and Level Annotations

Branches:
Dungeon (2/15)

Altars:

Annotations:
D:2 Natasha


Innate Abilities, Weirdness & Mutations

You have a pair of horns on your head.


Message History

You are too injured to fight recklessly!
You are too injured to fight recklessly!
You are too injured to fight recklessly!
You are too injured to fight recklessly!
You are too injured to fight recklessly!
You are too injured to fight recklessly!
You are too injured to fight recklessly!
You are too injured to fight recklessly!
You are too injured to fight recklessly!
You are too injured to fight recklessly!
You are too injured to fight recklessly!
Unknown command.
The white imp gestures at you. The puff of frost hits you!
* * * LOW HITPOINT WARNING * * *
The white imp gestures at you.
The puff of frost hits you but does no damage.
The white imp gestures at you. The puff of frost hits you!
You die...

#.....$.. #.5......
#h# #.. #5# #.# #5#
#.# #.# #.# #.# #.#
#.# #.# #@# #.# #.#
######.#########.#
.....รท...........#
##################


You could see Natasha, a white imp and 2 shadow imps.

Vanquished Creatures
  2 adders (D:2)
  3 dart slugs (D:1)
  2 leopard geckos (D:1)
  2 giant cockroaches (D:1)
  2 goblins
  2 hobgoblins (D:1)
  6 kobolds (D:1)
  5 bats (D:1)
  A frilled lizard (D:1)
  2 rats (D:1)
27 creatures vanquished.

Notes
Turn   | Place    | Note
-------+----------+-------------------------------------------
     0 | D:1      | galech the Demonspawn Fighter began the quest for the Orb.
     0 | D:1      | Reached XP level 1. HP: 18/18 MP: 1/1
   236 | D:1      | Gained mutation: You have a pair of small horns on your
                  | head. [demonic ancestry]
   236 | D:1      | Reached XP level 2. HP: 24/24 MP: 2/2
   619 | D:1      | Gained mutation: You have a pair of horns on your head.
                  | [demonic ancestry]
   619 | D:1      | Reached XP level 3. HP: 24/29 MP: 3/3
  1215 | D:2      | Noticed Natasha
  1231 | D:2      | Killed from afar by a white imp

Vault maps used:
D:1:      psy_arrival_spokes, serial_co_window_serial, co_window_paths_b,
          co_window_of_opportunity_a, co_window_corner_a, co_window_corner_a,
          co_window_paths_a, co_window_unsneaky_path_c,
          co_window_of_opportunity_b, co_window_of_opportunity_b,
          co_window_broadway_b, co_window_2corner, glass_columns_b,
          glass_columns_c, glass_columns_b, glass_columns_b, glass_columns_a,
          minmay_nonomino_d4
D:2:      nicolae_overflow_hidden_temple, nicolae_tso_carved_into_rock,
          first_ration, minmay_small_reverse_x, uniq_sigmund, uniq_natasha

Skill      XL: |  1  2  3 |
---------------+----------+-----
Axes           | 2 |  2.4
Armour         | 3 |  3.1
Shields        | 3 |  3.0
Fighting       | |  3.4
Dodging        | |  0.3
Stealth        | |  0.2

Action                   || total
-------------------------++-------
Melee: War axe           ||    91
       Headbutt          ||    11
  Use: Scroll            ||     1
  Eat: Chunk             ||     1
Armor: Scale mail        ||    52
Dodge: Dodged            ||    24
Block: Shield            ||    51

Table legend:
 A = Non-vault XP
 B = Vault XP
 C = Vault XP percentage of total XP
 D = Non-vault monster count
 E = Vault monster count
 F = Vault count percentage of total count
                 A         B        C        D         E       F
            +---------+---------+-------+---------+---------+-------
      Total |      63 |      12 |  16.0 |      22 |       5 |  18.5
            +---------+---------+-------+---------+---------+-------
        D:1 |      35 |      12 |  25.5 |      19 |       5 |  20.8
        D:2 |      28 |       0 |   0.0 |       3 |       0 |   0.0
            +---------+---------+-------+---------+---------+-------
